 Dungeon Crawl Stone Soup version 0.25.1-2-g60ff931df9 (webtiles) character file.

Game seed: 7698827884894065045

1228 Delamore the Basher (level 8, -6/46 HPs)
             Began as a Gargoyle Fighter on Aug 26, 2020.
             Was a Believer of Okawaru.
             Mangled by iamyoyoman's ghost (9 damage)
             ... on level 5 of the Dungeon.
             The game lasted 00:04:18 (4594 turns).

Delamore the Basher (Gargoyle Fighter)              Turns: 4594, Time: 00:04:18

Health: -6/46      AC: 18    Str: 21    XL:     8   Next: 48%
Magic:  8/8        EV:  9    Int: 10    God:    Okawaru [**....]
Gold:   273        SH:  6    Dex:  9    Spells: 7/7 levels left

rFire    . . .     SeeInvis .   z - +0 whip (flame)
rCold    + . .     Gourm    .   k - +2 buckler
rNeg     + . .     Faith    .   G - +1 scale mail of Xopof {rPois MR- Slay+2}
rPois    ∞         Spirit   .   (no helmet)
rElec    +         Reflect  .   y - +1 cloak
rCorr    .         Harm     .   A - +1 pair of gloves
MR       .....                  j - +0 pair of boots
Stlth    ..........             (no amulet)
HPRegen  0.15/turn              b - ring of protection from cold
MPRegen  0.11/turn              g - ring of protection from magic

@: stab
A: negative energy resistance 1, electricity resistance, unbreathing,
petrification resistance, rot immunity, AC +5
a: Heroism, Renounce Religion


You were on level 5 of the Dungeon.
You worshipped Okawaru.
Okawaru was pleased with you.
You were not hungry.

You visited 2 branches of the dungeon, and saw 6 of its levels.

You collected 273 gold pieces.

Inventory:

Hand Weapons
 z - a +0 whip of flaming (weapon)
Armour
 c - a +0 kite shield
 j - a +0 pair of boots (worn)
 k - a +2 buckler (worn)
 y - a +1 cloak (worn)
 A - a +1 pair of gloves (worn)
 G - the +1 scale mail of Xopof (worn) {rPois MR- Slay+2}
   (You found it on level 4 of the Dungeon)

   It affects your accuracy and damage with ranged weapons and melee attacks
   (+2).
   It protects you from poison.
   It affects your resistance to hostile enchantments.
Jewellery
 b - a ring of protection from cold (left hand)
 g - a ring of protection from magic (right hand)
Scrolls
 e - 2 scrolls of identify
 h - 2 scrolls of enchant armour
 l - 2 scrolls of remove curse
 p - 2 scrolls of teleportation {unknown}
 s - 2 scrolls of fear {unknown}
 t - 2 scrolls of amnesia {unknown}
 D - a scroll of enchant weapon {unknown}
 E - a scroll of magic mapping {unknown}
 F - a scroll of fog {unknown}
Potions
 d - a potion of might
 m - a potion of lignification {unknown}
 n - 2 potions of stabbing
 o - 2 potions of curing {unknown}
 q - a potion of heal wounds {unknown}
 r - 3 potions of mutation {unknown}
 u - 2 potions of degeneration {unknown}
 x - 2 potions of invisibility {unknown}
 B - a potion of ambrosia {unknown}
 C - a potion of resistance {unknown}
Comestibles
 a - 6 chunks of flesh
 f - 7 rations


   Skills:
 - Level 3.2 Fighting
 + Level 9.9 Maces & Flails
 - Level 3.2 Armour
 - Level 4.0 Shields


You had 7 spell levels left.
You didn't know any spells.
Your spell library was empty.

Dungeon Overview and Level Annotations

Branches:
Dungeon (5/15)             Temple (1/1) D:4

Altars:
Ashenzari
Cheibriados
Dithmenos
Elyvilon
Fedhas
Gozag
Hepliaklqana
Kikubaaqudgha
Makhleb
Nemelex Xobeh
Okawaru
Qazlal
Ru
Sif Muna
Trog
Uskayaw
Vehumet
Wu Jian
Xom
Yredelemnul
Zin
The Shining One

Annotations:
D:5 iamyoyoman's ghost, novice DsGl


Innate Abilities, Weirdness & Mutations

You are resistant to torment.
Your stone body is resilient. (AC +5)
You are immune to poison.
You resist negative energy. (rN+)
You are resistant to electric shocks. (rElec)
You can survive without breathing.
You are immune to petrification.
You are immune to rotting.


Message History

You miss iamyoyoman's ghost.
Iamyoyoman's ghost is almost destroyed.
You block the bullfrog skeleton's attack.
You closely miss iamyoyoman's ghost.
Iamyoyoman's ghost is almost destroyed.
Iamyoyoman's ghost hits you but does no damage.
You closely miss iamyoyoman's ghost.
Iamyoyoman's ghost is almost destroyed.
You block the bullfrog skeleton's attack.
You completely miss iamyoyoman's ghost.
Iamyoyoman's ghost is almost destroyed.
The bullfrog skeleton hits you but does no damage.
Iamyoyoman's ghost wails, "To die, to sleep, no more."
Iamyoyoman's ghost hits you!
* * * LOW HITPOINT WARNING * * *
It was a potion of stabbing.
You feel ready to backstab.
The bullfrog skeleton barely misses you.
Iamyoyoman's ghost hits you!
You die...

#..##⌠##..###.# #.
#...##...##..##.##
#.
#..##...!.##.##..#
#.
#..#⌠.%♣!.⌠#.###.##
#. #..##.....##)#
#..# #.
#..##[..##..# ##.##
#. #..##.##..## #..#
#. #..#W#..## ##.##
#.
##.Z@..########..#
#.
#####........##.###.
#............##.
#............##.
.............##.
.........###..#.
.(.......# ##.#.
..........# #...
........# ##..


You could see iamyoyoman's ghost and a bullfrog skeleton.

Vanquished Creatures
  Pikel (D:4)
  A phantom (D:4)
  An ogre (D:5)
  A scorpion (D:2)
  2 crimson imps
  A jelly (D:5)
  An orc priest (D:5)
  2 hounds (D:4)
  5 worker ants
  8 adders
  8 gnolls
  A howler monkey skeleton (D:4)
  A shadow imp (D:5)
  An ooze (D:3)
  An adder zombie (D:5)
  An adder skeleton (D:4)
  2 worms
  2 dart slugs
  5 leopard geckos
  9 orcs
  7 giant cockroaches
  10 goblins
  6 hobgoblins
  6 kobolds
  2 quokkas
  2 ball pythons
  5 bats
  4 frilled lizards
  8 rats
104 creatures vanquished.

Notes
Turn   | Place    | Note
-------+----------+-------------------------------------------
     0 | D:1      | Delamore the Gargoyle Fighter began the quest for the Orb.
     0 | D:1      | Reached XP level 1. HP: 14/14 MP: 1/1
   249 | D:1      | Reached XP level 2. HP: 19/19 MP: 2/2
   500 | D:1      | Reached skill level 3 in Maces & Flails
   851 | D:2      | Noticed a crimson imp
   866 | D:2      | Killed a crimson imp
   866 | D:2      | Reached XP level 3. HP: 23/23 MP: 3/3
   891 | D:2      | Reached XP level 4. HP: 24/28 MP: 4/4
  1158 | D:1      | Reached skill level 4 in Maces & Flails
  1558 | D:2      | Reached XP level 5. HP: 9/32 MP: 5/5
  1991 | D:2      | Reached skill level 5 in Maces & Flails
  2321 | D:2      | Found a hazy altar of Hepliaklqana.
  2381 | D:3      | Reached XP level 6. HP: 37/37 MP: 6/6
  2748 | D:3      | Found a shadowy altar of Dithmenos.
  2927 | D:3      | Reached skill level 6 in Maces & Flails
  3137 | D:4      | Found a staircase to the Ecumenical Temple.
  3152 | Temple   | Entered the Ecumenical Temple
  3159 | Temple   | Became a worshipper of Warmaster Okawaru
  3391 | D:4      | Noticed a phantom
  3413 | D:4      | Killed a phantom
  3507 | D:4      | Noticed Pikel
  3507 | D:4      | Noticed a slave
  3507 | D:4      | Noticed a slave
  3507 | D:4      | Noticed a slave
  3507 | D:4      | Noticed a slave
  3532 | D:4      | Killed Pikel
  3532 | D:4      | Reached * piety under Okawaru
  3532 | D:4      | Reached ** piety under Okawaru
  3532 | D:4      | Reached skill level 8 in Maces & Flails
  3532 | D:4      | Reached XP level 7. HP: 41/41 MP: 7/7
  3532 | D:4      | Reached XP level 8. HP: 46/46 MP: 8/8
  3678 | D:4      | Found a stormy altar of Qazlal.
  3710 | D:4      | Reached skill level 9 in Maces & Flails
  3712 | D:4      | Got a masterwork scale mail
  3739 | D:4      | Identified the +1 scale mail of Xopof {rPois MR- Slay+2}
                  | (You found it on level 4 of the Dungeon)
  3950 | D:5      | Entered Level 5 of the Dungeon
  4062 | D:5      | Found an ornate altar of the Wu Jian Council.
  4063 | D:5      | Found a white marble altar of Elyvilon.
  4462 | D:5      | Noticed iamyoyoman's ghost (novice DsGl)
  4542 | D:5      | Found a runed translucent door.
  4593 | D:5      | HP: 2/46 [iamyoyoman's ghost (7)]
  4594 | D:5      | Mangled by iamyoyoman's ghost

Illustrated notes

Levels and vault maps discovered:
D:1:      saegor_arrival_simple_c, layout_basic, serial_bayou_pond_a
D:2:      layout_basic, lemuel_doored_altar, chequers_serial_rivers_micro_c,
          minmay_pentomino_u4
D:3:      layout_loops_cross, st_stairs_8, grunt_dithmenos_smoke_and_mirrors
D:4:      layout_basic, nicolae_overflow_crystal_walls,
          minmay_temple_entry_junction_2, uniq_pikel
D:5:      layout_basic, gammafunk_temple_overflow_statue, first_ration,
          hellmonk_ghost_happy_afterlife, minmay_misc_feat_square, st_stairs_12
Temple:   nicolae_temple_no_exploring_needed

Skill      XL: |  1  2  3  4  5  6  7  8 |
---------------+-------------------------+-----
Maces & Flails | 3 4 5 8 9 |  9.9
Shields        | 4 |  4.0
Fighting       | |  3.2
Armour         | |  3.2

Action                   |  1- 3 |  4- 6 |  7- 9 || total
-------------------------+-------+-------+-------++-------
Melee: Flail             |    71 |   280 |       ||   351
       Whip              |       |       |   148 ||   148
  Use: Scroll            |       |     3 |       ||     3
       Potion            |       |       |     1 ||     1
  Eat: Chunk             |       |     9 |     3 ||    12
Armor: Scale mail        |     6 |       |    58 ||    64
       Chain mail        |    49 |   218 |    13 ||   280
Dodge: Dodged            |    27 |    87 |    37 ||   151
Block: Kite shield       |    10 |       |       ||    10
       Buckler           |    24 |   108 |    28 ||   160
